AoeStats
← HAASHIRAMA

Black Forest

510378662Analyzed
2v2 RM · 1d ago on Sep 30, 2026· 62m 14s· 4 players
Game mode
Random Map
Map size
Medium (4 player)
Population
200
Speed
Normal
Resources
Standard
Victory
Conquest
Starting age
Dark Age
Ending age
Imperial Age
RankedLock teamsTeams togetherTeam positionsShared explorationLock speedFull tech treeHidden civsTurbo modeCheats
Victory
Defeat
🇮🇳 Mongols · India
1615
+16
🇮🇳 Bohemians · India
1578
+17
🇬🇧 Saxons · United Kingdom
1667
-19
🇬🇧 Danes · United Kingdom
1550
-14
HAASHIRAMA
0:45 Loom
11:44 Feudal Age
19:02 Castle Age
17:34 Horse Collar
18:12 Double-Bit Axe
20:02 Bow Saw
23:08 Heavy Plow
25:06 Wheelbarrow
27:01 Fervor
27:37 Hand Cart
32:29 Imperial Age
31:28 Chemistry
30:35 Padded Archer Armor
32:37 Town Watch
33:09 Leather Archer Armor
32:32 Houfnice
33:20 Siege Engineers
38:06 Ring Archer Armor
41:58 Town Patrol
42:59 Two-Man Saw
43:46 Scale Mail Armor
43:57 Forging
43:38 Pikeman
44:20 Squires
44:30 Wagenburg Tactics
44:46 Conscription
44:39 Fletching
45:07 Chain Mail Armor
45:53 Halberdier
47:04 Plate Mail Armor
47:10 Iron Casting
48:29 Caravan
50:22 Blast Furnace
49:13 Fletching
51:18 Bodkin Arrow
51:46 Ballistics
51:36 Masonry
51:47 Bombard Tower
51:23 Murder Holes
51:38 Fortified Wall
wackadoodle
1:06 Loom
10:19 Feudal Age
11:12 Double-Bit Axe
16:11 Fishing Lines
19:51 Castle Age
18:11 Horse Collar
20:45 Bow Saw
20:44 Town Watch
21:19 Gillnets
26:08 Heavy Plow
26:46 Wheelbarrow
26:12 Fletching
28:14 Bodkin Arrow
33:05 Imperial Age
31:49 Fortified Wall
33:16 Padded Archer Armor
33:43 Ballistics
33:29 Nomads
34:27 Drill
34:09 Bracer
34:24 Leather Archer Armor
34:51 Hand Cart
34:28 Gold Mining
34:31 Stone Mining
34:23 Heavy Scorpion
36:33 Chemistry
35:39 Siege Engineers
36:04 Masonry
36:16 Conscription
36:12 Caravan
36:42 Elite Mangudai
38:24 Gold Shaft Mining
38:26 Stone Shaft Mining
38:41 Coinage
38:52 Parthian Tactics
38:31 Husbandry
38:42 Bloodlines
37:58 Capped Ram
39:04 Thumb Ring
40:08 Banking
39:51 Siege Ram
41:40 Hoardings
45:50 Onager
48:11 Siege Onager
SnarlinPaper
0:45 Loom
10:27 Feudal Age
11:28 Double-Bit Axe
16:31 Castle Age
15:29 Man-at-Arms
16:01 Horse Collar
23:04 Wheelbarrow
22:53 Bow Saw
23:30 Gold Mining
24:05 Town Watch
26:03 Hand Cart
29:23 Imperial Age
27:01 Scale Mail Armor
26:54 Stone Mining
27:06 Long Swordsman
27:32 Gambesons
27:47 Squires
27:33 Arson
28:44 Gold Shaft Mining
29:38 Fletching
29:48 Padded Archer Armor
29:59 Elite Skirmisher
31:16 Conscription
31:06 Bodkin Arrow
31:26 Leather Archer Armor
32:40 Bracer
32:39 Capped Ram
32:59 Elite Varangian Guard
34:15 Ring Archer Armor
34:59 Ballistics
35:40 Chemistry
36:16 Chain Mail Armor
36:11 Forging
36:20 Thumb Ring
38:38 Conscription
39:10 Plate Mail Armor
39:16 Iron Casting
39:50 Onager
41:52 Siege Engineers
49:43 Caravan
50:41 Fortified Wall
50:13 Treadmill Crane
51:26 Shield Wall
51:35 Pikeman
52:58 Halberdier
55:13 Scale Barding Armor
56:18 Chain Barding Armor
55:23 Light Cavalry
56:14 Bloodlines
56:05 Husbandry
57:08 Hussar
Ash
1:27 Loom
12:40 Feudal Age
19:09 Castle Age
18:25 Double-Bit Axe
23:01 Horse Collar
24:44 Bow Saw
26:15 Fishing Lines
29:45 Gillnets
33:44 Imperial Age
32:12 Wheelbarrow
31:22 Town Watch
31:35 Gold Mining
32:02 Scale Mail Armor
32:12 Forging
32:04 Squires
33:20 Chain Mail Armor
33:16 Forging
32:53 Arson
34:02 Ballistics
33:58 Onager
35:49 Gold Shaft Mining
35:04 Stone Mining
35:31 Hand Cart
35:16 Town Patrol
35:49 Caravan
37:10 Plate Mail Armor
37:15 Iron Casting
36:27 Siege Onager
36:31 Northmen's Fury
37:36 Conscription
38:15 Siege Engineers
40:42 Chemistry
40:13 Scale Barding Armor
41:08 Blast Furnace
41:02 Bloodlines
40:52 Husbandry
41:12 Light Cavalry
42:14 Chain Barding Armor
44:48 Plate Barding Armor
44:18 Elite Varangian Guard
44:49 Fletching
45:12 Masonry
48:44 Elite Jomsviking
50:53 Bodkin Arrow
53:53 Bracer
53:51 Murder Holes
58:57 Arrowslits
Connection lost

Rejoining the realm…

Still unreachable

The connection could not be restored.

Session expired

The server has moved on; the page needs a fresh start.